 Dungeon Crawl Stone Soup version 0.29-a0-1047-g7c58e119a4 (webtiles) character file.

Game seed: 7680426463656694497

2891 Zeldest the Shooter (level 9, -8/69 HPs)
             Began as a Mummy Hunter on Aug 16, 2022.
             Was a Priest of Fedhas.
             Killed from afar by a steam dragon (16 damage)
             ... with a ball of steam
             ... on level 7 of the Dungeon.
             The game lasted 00:12:51 (7173 turns).

Zeldest the Shooter (Mummy Hunter)                  Turns: 7173, Time: 00:12:51

Health: -8/69      AC:  6    Str: 15    XL:     9   Next: 48%
Magic:  0/14       EV: 14    Int:  8    God:    Fedhas [***...]
Gold:   395        SH:  0    Dex: 19    Spells: 8/8 levels left

rFire   x . .      SeeInvis +   a - +0 shortbow
rCold   + . .      Faith    .   (shield currently unavailable)
rNeg    + + +      Spirit   +   p - +0 steam dragon scales
rPois   ∞          Reflect  .   k - +0 helmet
rElec   .          Harm     .   (no cloak)
rCorr   .          Rampage  .   (no gloves)
Will    +....                   (no boots)
Stlth   ++........              g - amulet of guardian spirit
HPRegen 0.21/turn               n - ring of see invisible
MPRegen 0.14/turn               (no ring)

@: no status effects
A: cold resistance 1, negative energy resistance 3, torment resistance 2, heat
vulnerability 1, in touch with death 1, no potions
a: Renounce Religion, Wall of Briars, Grow Ballistomycete


You were on level 7 of the Dungeon.
You worshipped Fedhas.
Fedhas was most pleased with you.
You visited 1 branch of the dungeon, and saw 8 of its levels.

You collected 395 gold pieces.

Inventory:

Hand Weapons
 a - a +0 shortbow (weapon)
Armour
 c - a +0 leather armour
 k - a +0 helmet (worn)
 p - +0 steam dragon scales (worn)
Jewellery
 g - an amulet of guardian spirit (around neck)
 n - a ring of see invisible (left hand)
 q - a ring of ice
Wands
 m - a wand of iceblast (1)
Scrolls
 b - a scroll of immolation
 d - a scroll of torment {unknown}
 e - 4 scrolls of identify {unknown}
 f - 2 scrolls of enchant armour {unknown}
 h - 4 scrolls of fear {unknown}
 i - 2 scrolls of poison {unknown}
 j - a scroll of teleportation
 l - 3 scrolls of magic mapping {unknown}
 o - a scroll of noise {unknown}


   Skills:
 + Level 5.7 Fighting
 * Level 7.4 Ranged Weapons
 + Level 4.4 Dodging
 - Level 0.7 Stealth
 * Level 6.7 Invocations


You had 8 spell levels left.
You didn't know any spells.
Your spell library contained the following spells:

 Spells                   Type           Power      Damage    Failure   Level
 Stone Arrow              Conj/Erth      0%         3d7       78%         3
 Airstrike                Air            0%         2d(0-16)  99%         4
 Animate Armour           Summ/Erth      0%         N/A       99%         4
 Summon Lightning Spire   Summ/Air       0%         N/A       99%         4
 Lightning Bolt           Conj/Air       0%         1d11      100%        5
 Lehudib's Crystal Spear  Conj/Erth      0%         10d2      100%        8


Dungeon Overview and Level Annotations

Branches:
Dungeon (8/15)             Temple (0/1) D:5
   Lair: D:8-11

Altars:
Dithmenos
Fedhas
Qazlal
Trog
Uskayaw

Shops:
D:5 :

Annotations:
D:2 Sigmund
D:3 Ijyb
D:5 2 runed translucent doors, Valamore's ghost, amateur MiGl


Innate Abilities, Weirdness & Mutations

You are immune to poison.
Your flesh is cold resistant. (rC+)
You are immune to negative energy. (rN+++)
You are immune to unholy pain and torment.
You are vulnerable to heat. (rF-)
You are in touch with the powers of death.
You do not drink.


Message History

The steam dragon breathes steam at you. The ball of steam hits you!
A wight opens the door.
Fire: a) +0 shortbow
Press: ? - help, Q - select action, (/) - cycle Shift-Dir - straight line, f/p - steam dragon
Aim: a steam dragon (heavily wounded, 66% to hit)
You shoot an arrow.
The arrow barely misses the steam dragon.
You are engulfed in a cloud of scalding steam.
* * * LOW HITPOINT WARNING * * *
The steam dragon closely misses you.
The steam dragon claws you but does no damage.
Fire: a) +0 shortbow
Press: ? - help, Q - select action, (/) - cycle Shift-Dir - straight line, f/p - steam dragon
Aim: a steam dragon (heavily wounded, 66% to hit)
You shoot an arrow. The arrow hits the steam dragon.
The steam dragon is severely wounded.
The steam dragon completely misses you.
The steam dragon claws you but does no damage.
A wight comes into view. It is wielding a +4 hand axe.
The steam dragon misses you. The steam dragon claws you.
* * * LOW HITPOINT WARNING * * *
Things that are here:
a +3 battleaxe of freezing; a +0 robe; 5 gold pieces
There is a stone staircase leading up here.
The steam dragon breathes steam at you. The ball of steam hits you.
* * * LOW HITPOINT WARNING * * *
You climb upwards.
The gargoyle hurls a stone arrow at you.
The stone arrow misses you.
There is a stone staircase leading down here.
The steam dragon attacks as you move away!
The steam dragon misses you.
The steam dragon claws you but does no damage.
The gargoyle completely misses you. The gargoyle attacks as you move away!
The gargoyle misses you. The steam dragon breathes steam at you.
The ball of steam hits you!!
You die...
Fedhas appreciates your contribution to the ecosystem.

# #####.# # #.# # #.#
# # #######.# ####. #
#.......# .....
##.#.....### .....
##....###...#####.##
.#### ##.....#
#.#....<....
#......###..§@.......
#..........D#########
#.#...####.9# #.##.##
#..#####
###.##.#####......#
#.9.##.......####.#
#.############ #9#
#.#


You could see a steam dragon (catching breath).

Vanquished Creatures
  A steam dragon (D:7)
  Menkaure (D:4)
  3 water moccasins
  3 sky beasts
  An ice beast (D:6)
  A kobold brigand (D:7)
  A phantom (D:4)
  6 bullfrogs
  A gnoll sergeant (D:6)
  2 scorpions (D:6)
  5 wights
  2 howler monkeys (D:7)
  3 hounds
  2 jellies
  4 iguanas
  3 orc wizards
  2 scorpion zombies (D:4)
  A hound zombie (D:4)
  A hound skeleton (D:4)
  2 howler monkey zombies (D:4)
  Robin (D:4)
  8 gnolls
  5 adders
  A worm (D:5)
  A dart slug (D:5)
  17 orcs
  5 ball pythons
  A bat (D:2)
  4 endoplasms
  2 giant cockroaches
  15 goblins
  7 hobgoblins
  4 quokkas
  8 kobolds
  2 rats
126 creatures vanquished.

Vanquished Creatures (collateral kills)
  Edmund (D:5)
  A sky beast (D:6)
  2 orc priests
  An adder (D:5)
  4 orcs (D:5)
9 creatures vanquished.

Vanquished Creatures (others)
  An orc wizard (D:5)
  51 plants
  9 withered plants (D:4)
61 creatures vanquished.

Grand Total: 196 creatures vanquished

Notes
Turn   | Place    | Note
-------+----------+-------------------------------------------
     0 | D:1      | Zeldest the Mummy Hunter began the quest for the Orb.
     0 | D:1      | Reached XP level 1. HP: 16/16 MP: 1/1
   200 | D:1      | Reached XP level 2. HP: 21/22 MP: 2/2
   386 | D:2      | Found a faded altar of an unknown god.
   394 | D:2      | Prayed at the altar of an unknown god.
   394 | D:2      | Became a worshipper of Fedhas Madash
   394 | D:2      | Reached * piety under Fedhas
   502 | D:2      | Noticed Sigmund
   756 | D:3      | Found a bloodstained altar of Trog.
   770 | D:3      | Gained mutation: You are in touch with the powers of death.
                  | [Mummy growth]
   770 | D:3      | Reached XP level 3. HP: 19/28 MP: 3/3
   908 | D:3      | Reached skill level 1 in Invocations
  1351 | D:3      | Noticed Ijyb
  1896 | D:4      | Noticed a phantom
  1910 | D:4      | Reached skill level 4 in Ranged Weapons
  1927 | D:4      | Reached XP level 4. HP: 28/34 MP: 5/5
  2265 | D:4      | Noticed Menkaure
  2271 | D:4      | Killed Menkaure
  2272 | D:4      | Reached XP level 5. HP: 41/41 MP: 5/7
  2324 | D:4      | Noticed Robin
  2355 | D:4      | Reached ** piety under Fedhas
  2388 | D:4      | Reached XP level 6. HP: 43/47 MP: 6/8
  2906 | D:4      | Killed Robin
  2909 | D:4      | Reached skill level 5 in Ranged Weapons
  3111 | D:5      | Entered Level 5 of the Dungeon
  3111 | D:5      | Found Jaosah's Vocational Training.
  3312 | D:5      | Noticed Edmund
  3322 | D:5      | Killed Edmund
  3323 | D:5      | Reached XP level 7. HP: 53/53 MP: 6/9
  3339 | D:5      | Found a large runed translucent door.
  4031 | D:5      | Found a staircase to the Ecumenical Temple.
  4089 | D:5      | Found a large runed translucent door.
  4090 | D:5      | Noticed Valamore's ghost (amateur MiGl)
  4368 | D:6      | Reached XP level 8. HP: 35/60 MP: 5/11
  4744 | D:6      | Reached skill level 6 in Ranged Weapons
  4790 | D:6      | Reached skill level 5 in Invocations
  5313 | D:6      | Reached skill level 5 in Fighting
  5853 | D:7      | Found a stormy altar of Qazlal.
  5873 | D:7      | Found a shadowy altar of Dithmenos.
  6120 | D:7      | Reached XP level 9. HP: 51/68 MP: 11/13
  6243 | D:7      | Found a hide-covered altar of Uskayaw.
  6513 | D:7      | Reached *** piety under Fedhas
  6534 | D:7      | Reached skill level 7 in Ranged Weapons
  6867 | D:7      | Noticed a gargoyle
  7173 | D:7      | Killed from afar by a steam dragon

Illustrated notes

Levels and vault maps discovered:
D:1:      dpeg_arrival_rhombus, layout_rooms, solitary_fountain, nicolae_titane
D:2:      layout_loops_cross, dilly_ecumenical_altar_fadedgnrine, uniq_sigmund
D:3:      layout_loops_ring, mainiacjoe_overflow_cross_hatched,
          chequers_serial_rivers_micro_e, minmay_misc_feat_alley, minivault_4,
          uniq_ijyb
D:4:      layout_cave_pools, serial_undead, serial_undead_e, serial_undead_d,
          serial_undead_e, serial_undead_e, serial_undead_b, serial_undead_f,
          grunt_ministairs_10, uniq_menkaure, uniq_robin
D:5:      layout_basic, minmay_temple_entry_poolview,
          ebering_ghost_disaster_area, nicolae_shop_vocational, uniq_edmund
D:6:      layout_loops_ring
D:7:      layout_loops_ring, nicolae_overflow_quartered_altars,
          minmay_misc_feat_pillars, grunt_ministairs_1, serial_bayou_lagoon_b,
          uniq_crazy_yiuf_cottage
D:8:      nzn_winding_woodlands_stair_cross
          [nzn_winding_woodlands_5x15_concentric,
          nzn_winding_woodlands_center_diamonds,
          nzn_winding_woodlands_5x15_split_checker,
          nzn_winding_woodlands_5x5_three, nzn_winding_woodlands_5x5_perimeter,
          nzn_winding_woodlands_5x15_zeroes,
          nzn_winding_woodlands_center_garden,
          nzn_winding_woodlands_5x15_default], layout_gridville,
          kennysheep_generic_room_7

Skill      XL: |  1  2  3  4  5  6  7  8  9 |
---------------+----------------------------+-----
Invocations    | 1 2 3 4 5 6 |  6.7
Ranged Weapons | 4 5 6 7 |  7.4
Fighting       | 3 4 5 |  5.7
Dodging        | 2 3 4 |  4.4
Stealth        | |  0.7

Action                   |  1- 3 |  4- 6 |  7- 9 || total
-------------------------+-------+-------+-------++-------
 Fire: Shortbow          |    86 |   171 |   334 ||   591
Invok: Wall of Briars    |       |     2 |     4 ||     6
Evoke: Wand              |       |       |     7 ||     7
  Use: Scroll            |       |     1 |     1 ||     2
Armor: Leather armour    |     9 |    18 |    30 ||    57
       Steam dragon scal |       |       |    27 ||    27
Dodge: Dodged            |    30 |    71 |   185 ||   286

Table legend: (Time is in decaauts)
 A = Elapsed time spent in this place.
 B = Non-inter-level travel time spent in this place.
 C = Inter-level travel time spent in this place.
 D = Time resting spent in this place.
 E = Time spent auto-exploring this place.
 F = Levels seen in this place.
 G = Mean time per level.
                   A        B        C        D        E       F      G
               +--------+--------+--------+--------+--------+-----+--------+
         Total |   7327 |   7085 |    242 |   2608 |   3192 |   8 |  915.9 |
       Dungeon |   7327 |   7085 |    242 |   2608 |   3192 |   8 |  915.9 |
               +--------+--------+--------+--------+--------+-----+--------+

Top non-repeatable levels by time:
     D:6: 1550 daAuts
     D:4: 1254 daAuts
     D:5: 1242 daAuts
     D:3: 1226 daAuts
     D:7: 1148 daAuts
     D:1: 396 daAuts
     D:2: 310 daAuts
     D:8: 198 daAuts
